[Event "CZE-ch U14 2020"]
[Site "Kouty nad Desnou"]
[Date "2020.03.09"]
[Round "4.8"]
[White "Mrazek, Roman"]
[Black "Lang, Simon"]
[Result "0-1"]
[ECO "D00"]
[WhiteElo "1839"]
[BlackElo "1779"]
[Annotator "NA"]
[PlyCount "77"]
[EventDate "2020.03.07"]
[EventCountry "CZE"]
[SourceTitle "playchess.com"]
[Source "ChessBase"]
[SourceQuality "1"]
[TimeControl "5400+30"]

1. d4 d5 2. Bf4 Bf5 3. e3 Nf6 4. Bd3 Bg6 5. h3 e6 6. Nf3 Bd6 7. Ne5 Nbd7 8. Nxg6 fxg6 9. Bxd6 cxd6 10. c3 O-O 11. O-O Qe7 12. Nd2 e5 13. Qb3 Nb6 14. a4 e4 15. Be2 Qe6 16. a5 Nc8 17. Qxb7 Ne7 18. Qb3 h5 19. Qd1 Nf5 20. b4 Nh7 21. Qb3 Ng5 22. c4 Nh4 23. cxd5 Qd7 24. f3 exf3 25. Bxf3 Ngxf3+ 26. Nxf3 Nxf3+ 27. Rxf3 Rxf3 28. gxf3 Qxh3 29. Ra2 Rf8 30. Rg2 Rxf3 31. Qc2 Rxe3 32. Qf2 Rb3 33. Qe2 Rb1+ 34. Kf2 Qf5+ 35. Kg3 Rxb4 36. Rf2 Rb3+ 37. Kh2 Qh3+ 38. Kg1 Rg3+ 39. Rg2 0-1

[Event "CZE-ch U14 2020"]
[Site "Kouty nad Desnou"]
[Date "2020.03.09"]
[Round "4.9"]
[White "Stocek, Martin"]
[Black "Zednicek, Filip"]
[Result "1/2-1/2"]
[ECO "D32"]
[WhiteElo "1772"]
[BlackElo "1365"]
[Annotator "NA"]
[PlyCount "62"]
[EventDate "2020.03.07"]
[EventCountry "CZE"]
[SourceTitle "playchess.com"]
[Source "ChessBase"]
[SourceQuality "1"]
[TimeControl "5400+30"]

1. d4 d5 2. c4 e6 3. Nc3 c5 4. Nf3 Nc6 5. e3 Nf6 6. dxc5 dxc4 7. Qxd8+ Nxd8 8. Bxc4 Bxc5 9. Bb5+ Bd7 10. Bxd7+ Nxd7 11. a3 Rc8 12. Ne4 O-O 13. O-O Be7 14. b4 Nf6 15. Ned2 Nc6 16. Nb3 b6 17. Bb2 Nd5 18. g3 Bf6 19. Bxf6 Nxf6 20. Rac1 Rfd8 21. Rc2 h6 22. Rfc1 Ne7 23. Rc7 Nfd5 24. Rxc8 Rxc8 25. Rxc8+ Nxc8 26. Kf1 Nd6 27. Nfd4 Nc4 28. Nc2 Nc3 29. Nbd4 Nb1 30. Nc6 a6 31. a4 Nc3 1/2-1/2

[Event "CZE-ch U14 2020"]
[Site "Kouty nad Desnou"]
[Date "2020.03.09"]
[Round "4.10"]
[White "Tajovsky, Simon"]
[Black "Vilimek, Vit"]
[Result "1-0"]
[ECO "D85"]
[WhiteElo "1512"]
[BlackElo "1695"]
[Annotator "NA"]
[PlyCount "45"]
[EventDate "2020.03.07"]
[EventCountry "CZE"]
[SourceTitle "playchess.com"]
[Source "ChessBase"]
[SourceQuality "1"]
[TimeControl "5400+30"]

1. d4 Nf6 2. c4 g6 3. Nc3 d5 4. cxd5 Nxd5 5. e4 Nxc3 6. bxc3 Bg7 7. Be3 c5 8. Qd2 Qa5 9. Rc1 cxd4 10. cxd4 Qxd2+ 11. Kxd2 O-O 12. Nf3 Rd8 13. Bb5 a6 14. Ba4 b5 15. Bb3 Bb7 16. Ng5 e6 17. Rc7 Rd7 18. Rhc1 h6 19. Nxe6 Bxe4 20. Rc8+ Kh7 21. Nc5 Re7 22. Nxe4 Rxe4 23. Bd5 1-0

[Event "CZE-ch U14 2020"]
[Site "Kouty nad Desnou"]
[Date "2020.03.09"]
[Round "4.11"]
[White "Mohapl, Tomas"]
[Black "Licka, Denis"]
[Result "1/2-1/2"]
[ECO "B90"]
[WhiteElo "1654"]
[BlackElo "1594"]
[Annotator "NA"]
[PlyCount "80"]
[EventDate "2020.03.07"]
[EventCountry "CZE"]
[SourceTitle "playchess.com"]
[Source "ChessBase"]
[SourceQuality "1"]
[TimeControl "5400+30"]

1. e4 c5 2. Nf3 d6 3. d4 cxd4 4. Nxd4 Nf6 5. Nc3 a6 6. f3 e5 7. Nb3 Be6 8. Be3 h5 9. Qd2 Nbd7 10. Be2 Rc8 11. O-O h4 12. a4 h3 13. g3 Nb6 14. a5 Nc4 15. Bxc4 Bxc4 16. Rfd1 Be6 17. Na4 Qc7 18. Nb6 Rb8 19. Nc1 Be7 20. Ne2 O-O 21. Nc3 Qc6 22. Rac1 Rfd8 23. Ncd5 Bxd5 24. Nxd5 Nxd5 25. Qxd5 Qxd5 26. Rxd5 Rbc8 27. Bb6 Rd7 28. c4 Bd8 29. Bxd8 Rdxd8 30. g4 Rc5 31. b4 Rc6 32. Kf2 Rdc8 33. b5 axb5 34. Rxb5 Rc5 35. Rcb1 Rxc4 36. Rxb7 Rc2+ 37. Kg3 Rg2+ 38. Kxh3 Rcc2 39. Rh1 Ra2 40. a6 Rgf2 1/2-1/2

[Event "CZE-ch U14 2020"]
[Site "Kouty nad Desnou"]
[Date "2020.03.09"]
[Round "4.12"]
[White "Kanak, Matyas"]
[Black "Richter, Rudolf"]
[Result "0-1"]
[ECO "D01"]
[WhiteElo "1499"]
[BlackElo "1555"]
[Annotator "NA"]
[PlyCount "70"]
[EventDate "2020.03.07"]
[EventCountry "CZE"]
[SourceTitle "playchess.com"]
[Source "ChessBase"]
[SourceQuality "1"]
[TimeControl "5400+30"]

1. d4 d5 2. Nc3 Nf6 3. Bg5 Bf5 4. e3 e6 5. Bd3 Bg6 6. Nf3 Nbd7 7. O-O Be7 8. Re1 c5 9. e4 c4 10. e5 cxd3 11. exf6 Nxf6 12. cxd3 O-O 13. Ne5 Nd7 14. Bxe7 Qxe7 15. Nxg6 hxg6 16. Nxd5 Qd6 17. Nc3 Qxd4 18. Re4 Qb6 19. Na4 Qa5 20. Rh4 Nb6 21. Nxb6 Qxb6 22. b3 Rfd8 23. Rh3 Rd4 24. Qf3 Rad8 25. Rd1 Qb5 26. Qe2 R8d5 27. Qc2 Qc5 28. Qb1 Qd6 29. Rc1 Rc5 30. Rxc5 Qxc5 31. Re3 Qc3 32. h3 Qd2 33. Kf1 Rd5 34. a4 Rc5 35. Re1 Rc2 0-1

[Event "CZE-ch U14 2020"]
[Site "Kouty nad Desnou"]
[Date "2020.03.10"]
[Round "5.4"]
[White "Kures, Michael"]
[Black "Winter, Ondrej"]
[Result "0-1"]
[ECO "B38"]
[WhiteElo "1943"]
[BlackElo "1896"]
[Annotator "ChessBase"]
[PlyCount "72"]
[EventDate "2020.03.07"]
[EventCountry "CZE"]
[SourceTitle "playchess.com"]
[Source "ChessBase"]
[SourceQuality "1"]
[TimeControl "5400+30"]

1. e4 c5 2. Nf3 Nc6 3. d4 cxd4 4. Nxd4 g6 5. c4 Bg7 6. Be3 Nf6 7. Nc3 O-O 8. Be2 d6 9. O-O Bd7 10. Qd2 Nxd4 11. Bxd4 Bc6 12. f3 a5 13. Rab1 Nd7 14. Be3 Nc5 15. b3 Be5 16. a3 e6 17. b4 axb4 18. axb4 Qh4 19. g3 Bxg3 20. Bd1 Ra3 21. Rc1 Nd3 22. Nb1 Ra1 23. Rc3 Bf4 24. Rxd3 Qg5+ 25. Kh1 Bxe3 26. Rxe3 Rxb1 27. f4 Qf5 28. Qg2 Qf6 29. b5 Qd4 30. Qe2 Rb2 31. Qf3 Bd7 32. Be2 Ra8 33. Rd1 Qc5 34. e5 d5 35. cxd5 exd5 36. Rxd5 Rxe2 0-1

[Event "CZE-ch U14 2020"]
[Site "Kouty nad Desnou"]
[Date "2020.03.10"]
[Round "5.8"]
[White "Lang, Simon"]
[Black "Stocek, Martin"]
[Result "1-0"]
[ECO "B13"]
[WhiteElo "1779"]
[BlackElo "1772"]
[Annotator "NA"]
[PlyCount "71"]
[EventDate "2020.03.07"]
[EventCountry "CZE"]
[SourceTitle "playchess.com"]
[Source "ChessBase"]
[SourceQuality "1"]
[TimeControl "5400+30"]

1. e4 c6 2. d4 d5 3. exd5 cxd5 4. c4 Nc6 5. Nc3 Nf6 6. Bg5 dxc4 7. Bxc4 Qxd4 8. Qxd4 Nxd4 9. O-O-O e5 10. f4 Bd6 11. Nf3 Bg4 12. fxe5 Bxf3 13. gxf3 Bxe5 14. f4 Bxf4+ 15. Bxf4 Ne6 16. Bb5+ Ke7 17. Bd6+ Kd8 18. Nd5 Nxd5 19. Rxd5 a6 20. Ba4 b5 21. Bb3 Rc8+ 22. Kb1 Rc6 23. Rhd1 Kc8 24. Bg3 g6 25. R5d2 f5 26. Bxe6+ Rxe6 27. Rc1+ Kb7 28. Rd7+ Ka8 29. Rcc7 Re1+ 30. Bxe1 Re8 31. Ra7+ Kb8 32. Bg3+ Kc8 33. Rdc7+ Kb8 34. Re7+ f4 35. Bxf4+ Kc8 36. Rxe8# 1-0

[Event "CZE-ch U14 2020"]
[Site "Kouty nad Desnou"]
[Date "2020.03.10"]
[Round "5.9"]
[White "Zednicek, Filip"]
[Black "Prochazka, Vojtech"]
[Result "1/2-1/2"]
[ECO "B84"]
[WhiteElo "1365"]
[BlackElo "1763"]
[Annotator "NA"]
[PlyCount "61"]
[EventDate "2020.03.07"]
[EventCountry "CZE"]
[SourceTitle "playchess.com"]
[Source "ChessBase"]
[SourceQuality "1"]
[TimeControl "5400+30"]

1. e4 c5 2. Nf3 d6 3. d4 Nf6 4. Nc3 cxd4 5. Nxd4 a6 6. Be2 e6 7. Be3 Nbd7 8. O-O Qc7 9. f4 b5 10. a3 Bb7 11. Bf3 Be7 12. Qe1 Nb6 13. f5 e5 14. Nde2 Nc4 15. Bc1 Qc5+ 16. Qf2 Qxf2+ 17. Kxf2 Rd8 18. b3 Nb6 19. Be3 Nbd7 20. Rad1 Nc5 21. Ng3 h5 22. Bxc5 dxc5 23. h3 b4 24. axb4 cxb4 25. Nd5 Nxd5 26. exd5 Bh4 27. Rfe1 f6 28. Re4 Bxg3+ 29. Kxg3 a5 30. Rh4 Kd7 31. Rc4 1/2-1/2

[Event "CZE-ch U14 2020"]
[Site "Kouty nad Desnou"]
[Date "2020.03.10"]
[Round "5.10"]
[White "Vilimek, Vit"]
[Black "Mrazek, Roman"]
[Result "1-0"]
[ECO "B18"]
[WhiteElo "1695"]
[BlackElo "1839"]
[Annotator "NA"]
[PlyCount "113"]
[EventDate "2020.03.07"]
[EventCountry "CZE"]
[SourceTitle "playchess.com"]
[Source "ChessBase"]
[SourceQuality "1"]
[TimeControl "5400+30"]

1. e4 c6 2. d4 d5 3. Nc3 dxe4 4. Nxe4 Bf5 5. Ng3 Bg6 6. h4 h6 7. h5 Bh7 8. Bc4 {[%emt 0:00:26] B18: Classical Caro-Kann: 4...Bf5 sidelines.} e6 9. N1e2 Nf6 10. Nf4 Bd6 11. Qe2 (11. c3 $15) 11... Qe7 {[%emt 0:03:38] [#]} 12. O-O $146 ({Predecessor:} 12. Be3 Nd5 13. Nxd5 cxd5 14. Bb5+ Nd7 15. O-O-O a6 16. Bd3 Bxd3 17. Rxd3 Nb6 18. Qg4 f6 19. Re1 O-O-O 20. Bf4 Bxf4+ 21. Qxf4 Nc4 22. Rc3 Qb4 23. Kd1 Qxb2 24. Rb3 {½-½ (24) Bismuth,S (1640)-Peyre,C (1730) Calvi 2005}) 12... Nd5 13. Bxd5 cxd5 14. Qg4 O-O ({Of course not} 14... Bxc2 $6 15. Re1 $11) 15. Ng6 Bxg6 16. hxg6 fxg6 17. Qxg6 Rf6 18. Qd3 Bxg3 ({Better is} 18... Nc6 $17 19. c3 Raf8) 19. fxg3 Rxf1+ 20. Kxf1 Nc6 21. c3 Rf8+ 22. Kg1 $1 Nd8 23. Bf4 Nf7 24. Re1 Nd6 25. Bxd6 Qxd6 26. Re5 Qb6 27. Qe2 Rf6 28. b3 Kf7 29. Qh5+ Kf8 30. Qe2 Kf7 31. Qd3 Qc6 32. c4 dxc4 33. bxc4 Qb6 34. Kh2 Rg6 35. d5 Qd6 36. Qf3+ Kg8 37. Rxe6 Rxe6 38. dxe6 Qxe6 39. Qxb7 Qxc4 40. Qxa7 Qe2 (40... Qd5 $16 {is a better defense.}) 41. Qa8+ Kh7 42. Qd5 Kh8 43. a4 Qa6 (43... h5 $142 44. a5 Kh7 45. Qf5+ Kh6) 44. a5 (44. Qb5 $142 Qc8 45. a5) 44... Kh7 45. Qf5+ g6 46. Qf7+ Kh8 47. Qe8+ Kh7 48. Qd7+ Kh8 $2 (48... Kg8 $18 49. Qc7 Qb5) 49. Qd8+ Kh7 50. Qc7+ Kh8 51. Qb6 Qd3 52. Qf6+ Kh7 53. a6 Qd5 54. a7 Qa8 55. Qe7+ Kh8 56. Qe5+ Kh7 57. Qc7+ 1-0

[Event "CZE-ch U14 2020"]
[Site "Kouty nad Desnou"]
[Date "2020.03.10"]
[Round "5.11"]
[White "Richter, Rudolf"]
[Black "Licka, Denis"]
[Result "1-0"]
[ECO "A40"]
[WhiteElo "1555"]
[BlackElo "1594"]
[Annotator "NA RC"]
[PlyCount "105"]
[EventDate "2020.03.07"]
[EventCountry "CZE"]
[SourceTitle "playchess.com"]
[Source "ChessBase"]
[SourceQuality "1"]
[TimeControl "5400+30"]

1. d4 Nf6 2. c4 e6 3. g3 Bb4+ 4. Bd2 c5 5. Bxb4 cxb4 6. Nf3 Nc6 7. Bg2 O-O 8. O-O d6 9. Re1 e5 10. e4 Bg4 11. d5 Nd4 12. Qd3 Bxf3 13. Bxf3 Nxf3+ 14. Qxf3 Rc8 15. Nd2 Qb6 16. Qe3 Qxe3 17. Rxe3 Nd7 18. a3 bxa3 19. Rexa3 a6 20. b4 Nb6 21. Rc3 Rc7 22. Rac1 Rfc8 23. c5 Nd7 24. Nb3 dxc5 25. bxc5 Kf8 26. c6 bxc6 27. Rxc6 Rxc6 28. dxc6 Nb8 29. c7 Nd7 30. Rc6 Ke7 31. Na5 Nf8 32. Nc4 Ne6 33. Nxe5 Nxc7 34. Rb6 f6 35. Nc6+ Kd7 36. Nb8+ Kd8 37. Nxa6 Nxa6 38. Rxa6 Kd7 39. Ra7+ Rc7 40. Rxc7+ Kxc7 41. f4 Kd6 42. Kf2 g6 43. Ke3 g5 44. fxg5 fxg5 45. g4 Ke5 46. h3 Kf6 47. Kd4 Ke6 48. e5 Ke7 49. Kd5 Kd7 50. e6+ Ke7 51. Ke5 Kf8 52. Kf6 h6 53. Kg6 1-0

[Event "CZE-ch U14 2020"]
[Site "Kouty nad Desnou"]
[Date "2020.03.10"]
[Round "5.12"]
[White "Kanak, Matyas"]
[Black "Mohapl, Tomas"]
[Result "1/2-1/2"]
[ECO "B92"]
[WhiteElo "1499"]
[BlackElo "1654"]
[Annotator "NA"]
[PlyCount "65"]
[EventDate "2020.03.07"]
[EventCountry "CZE"]
[SourceTitle "playchess.com"]
[Source "ChessBase"]
[SourceQuality "1"]
[TimeControl "5400+30"]

1. e4 c5 2. Nf3 d6 3. d4 cxd4 4. Nxd4 Nf6 5. Nc3 a6 6. Be2 e5 7. Nb3 Be6 8. Be3 Be7 9. f3 Nbd7 10. Qd2 O-O 11. O-O-O b5 12. g4 Nb6 13. h4 b4 14. Nb1 a5 15. h5 Qb8 16. g5 Nfd7 17. g6 hxg6 18. h6 f6 19. hxg7 Kxg7 20. Bh6+ Kf7 21. Bxf8 Bxf8 22. Rh7+ Ke8 23. c3 a4 24. Na1 Bxa2 25. cxb4 Be6 26. Na3 Qb7 27. N1c2 Rc8 28. Bb5 Rc7 29. Rh8 d5 30. Qh6 Ke7 31. Rh7+ Kd8 32. Rh8 Ke7 33. Rh7+ 1/2-1/2

[Event "CZE-ch U14 2020"]
[Site "Kouty nad Desnou"]
[Date "2020.03.11"]
[Round "6.3"]
[White "Winter, Ondrej"]
[Black "Lang, Simon"]
[Result "1-0"]
[ECO "C05"]
[WhiteElo "1896"]
[BlackElo "1779"]
[Annotator "NA RC"]
[PlyCount "91"]
[EventDate "2020.03.07"]
[EventCountry "CZE"]
[SourceTitle "playchess.com"]
[Source "ChessBase"]
[SourceQuality "1"]
[TimeControl "5400+30"]

1. e4 e6 2. d4 d5 3. Nd2 Nf6 4. e5 Nfd7 5. Bd3 c5 6. c3 Nc6 7. Ne2 Be7 8. Nf3 O-O {[%emt 0:01:37] 8...cxd4 injects fresh life into this line.} 9. O-O {[%emt 0:00:04] C06: French Tarrasch: 3...Nf6 4 e5 Nfd7 5 Bd3 main lines.} f6 ({Better is} 9... b6 $14) 10. Nf4 ({White should play} 10. exf6 $14 Nxf6 11. Re1) 10... Ndxe5 $1 11. Bxh7+ (11. dxe5 $11 fxe5 12. Ng6 hxg6 13. Bxg6) 11... Kxh7 12. Qc2+ Kg8 13. dxe5 {[%emt 0:00:28] [#]} Nxe5 $2 $146 ({Predecessor:} 13... fxe5 $19 14. Ng6 Rf5 15. Nxe7+ Qxe7 16. h4 e4 17. Ng5 Ne5 18. f3 exf3 19. Bf4 Nf7 20. Rxf3 {½-½ (54) Bazarov,V (1800)-Khudyakov,S (2126) Moscow 2019}) 14. Nxe5 fxe5 15. Ng6 $1 Rf5 16. g4 $1 Rf3 17. Nxe5 Rh3 18. Bf4 b6 19. Rae1 Bf6 20. Qg6 Rh4 $2 {[%emt 0:00:29] [#]} ({Black should try} 20... Qf8 $14) 21. Nf3 $1 ({Much less strong is} 21. Bg3 $6 Rh6 $16) 21... d4 $2 (21... Rh3 {might work better.}) 22. Nxh4 Bxh4 23. Be5 (23. Re5 $142) 23... Qe7 24. cxd4 Ba6 25. dxc5 bxc5 (25... Bxf1 {was worth a try.} 26. Bd6 (26. Kxf1 bxc5 27. Qe4 Rd8 $18) 26... Qf7 27. Qxf7+ Kxf7) 26. Bc3 Bxf1 27. Kxf1 Rf8 28. Qxe6+ Qxe6 29. Rxe6 Rxf2+ 30. Kg1 Rf4 31. h3 Kf7 32. Ra6 Rf3 33. Rxa7+ Ke6 34. Rxg7 c4 35. Rh7 Bg5 36. Kg2 Rd3 37. Rc7 Bc1 38. Rxc4 Bxb2 39. Bxb2 Rd2+ 40. Kg3 Rxb2 $18 41. Ra4 Kf6 42. Ra6+ Ke5 43. a4 Ra2 44. a5 Ra1 45. Ra8 Kf6 46. a6 1-0

[Event "CZE-ch U14 2020"]
[Site "Kouty nad Desnou"]
[Date "2020.03.11"]
[Round "6.4"]
[White "Hlavina, Matous"]
[Black "Petricek, Lukas"]
[Result "0-1"]
[ECO "B90"]
[WhiteElo "1986"]
[BlackElo "2106"]
[Annotator "ChessBase"]
[PlyCount "56"]
[EventDate "2020.03.07"]
[EventCountry "CZE"]
[SourceTitle "playchess.com"]
[Source "ChessBase"]
[SourceQuality "1"]
[TimeControl "5400+30"]

1. e4 c5 2. Nf3 d6 3. d4 cxd4 4. Nxd4 Nf6 5. Nc3 a6 6. f3 e6 7. Be3 b5 8. Qd2 Nbd7 9. g4 Nb6 10. a3 Nfd7 11. Qf2 Bb7 12. h4 Rc8 13. g5 Rxc3 14. bxc3 Qc7 15. Bd2 d5 16. Bd3 Bd6 17. Ke2 Nc4 18. Bc1 Ndb6 19. Rg1 Na4 20. Qe1 Be5 21. Rg4 dxe4 22. Bxe4 Bxe4 23. fxe4 O-O 24. Be3 Nxe3 25. Kxe3 Nxc3 26. Rg2 Qc5 27. Rd2 Bxd4+ 28. Rxd4 e5 0-1

[Event "CZE-ch U14 2020"]
[Site "Kouty nad Desnou"]
[Date "2020.03.11"]
[Round "6.7"]
[White "Werner, Hong Quan Dan"]
[Black "Vaclavik, Jan"]
[Result "1-0"]
[ECO "B21"]
[WhiteElo "1801"]
[BlackElo "1791"]
[Annotator "NA RC"]
[PlyCount "61"]
[EventDate "2020.03.07"]
[EventCountry "CZE"]
[SourceTitle "playchess.com"]
[Source "ChessBase"]
[SourceQuality "1"]
[TimeControl "5400+30"]

1. e4 c5 2. d4 cxd4 3. c3 dxc3 4. Nxc3 e6 5. Bc4 Nc6 6. Nf3 a6 7. O-O b5 8. Bb3 Bb7 9. a3 {[%emt 0:05:31] B21: Sicilian: 2 f4 and Morra Gambit.} Nge7 10. Bg5 f6 11. Be3 Ng6 12. Qe2 Bd6 13. Rfd1 Qe7 14. Qd2 Bc7 {[%emt 0:01:09] [#]} 15. Rac1 $146 ({Predecessor:} 15. Bc5 Bf4 16. Bxe7 Bxd2 17. Bxf6 Bh6 18. Bd4 Rc8 19. Bb6 Nce5 20. Nxe5 Nxe5 21. a4 b4 {½-½ (21) Alonso Gonzalez,C (2354)-Poulheim,K (2392) ICCF email 2008}) 15... d6 (15... Rd8 $11 {remains equal.}) 16. Ne2 Nge5 17. Nfd4 Nxd4 18. Nxd4 Nc4 19. Bxc4 bxc4 {[%emt 0:00:03] [#]} 20. Qb4 $1 {[%emt 0:00:59] Double Attack} ({Don't do} 20. Rxc4 $6 Rc8 $16) 20... Bxe4 $2 (20... d5) 21. Qxc4 {[%emt 0:00:11] Double Attack} Rc8 $2 (21... O-O 22. Qxc7 Rfe8) 22. Nxe6 Bb7 23. Nxc7+ Rxc7 24. Qxc7 Qe4 25. Qb8+ $18 Kf7 26. Rc7+ Kg6 27. Qxb7 Qa4 28. Rxg7+ Kh5 29. Qd5+ Kh4 30. g3+ Kh3 31. Qg2# 1-0

[Event "CZE-ch U14 2020"]
[Site "Kouty nad Desnou"]
[Date "2020.03.11"]
[Round "6.8"]
[White "Prochazka, Vojtech"]
[Black "Vilimek, Vit"]
[Result "1-0"]
[ECO "C89"]
[WhiteElo "1763"]
[BlackElo "1695"]
[Annotator "NA"]
[PlyCount "61"]
[EventDate "2020.03.07"]
[EventCountry "CZE"]
[SourceTitle "playchess.com"]
[Source "ChessBase"]
[SourceQuality "1"]
[TimeControl "5400+30"]

1. e4 e5 2. Nf3 Nc6 3. Bb5 a6 4. Ba4 Nf6 5. O-O b5 6. Bb3 Be7 7. Re1 O-O 8. c3 d5 9. exd5 Nxd5 10. Nxe5 Nxe5 11. Rxe5 c6 12. d4 Bd6 13. Re1 Qh4 14. g3 Qh3 15. Qe2 Bf5 16. Nd2 Nf4 17. gxf4 Bxf4 18. f3 Qh4 19. Nf1 Bd6 20. Qf2 Qf6 21. Ng3 Bh3 22. Bc2 Rae8 23. Bd2 Bf4 24. Bxf4 Qxf4 25. Bd3 Qg5 26. Kh1 Qh4 27. Bf1 Bd7 28. Kg1 Qg5 29. Bg2 f5 30. f4 h5 31. fxg5 1-0

[Event "CZE-ch U14 2020"]
[Site "Kouty nad Desnou"]
[Date "2020.03.11"]
[Round "6.9"]
[White "Tajovsky, Simon"]
[Black "Zednicek, Filip"]
[Result "1-0"]
[ECO "D30"]
[WhiteElo "1512"]
[BlackElo "1365"]
[Annotator "NA"]
[PlyCount "125"]
[EventDate "2020.03.07"]
[EventCountry "CZE"]
[SourceTitle "playchess.com"]
[Source "ChessBase"]
[SourceQuality "1"]
[TimeControl "5400+30"]

1. d4 d5 2. c4 e6 3. cxd5 exd5 4. Nc3 Bf5 5. Qb3 Qc8 6. Qxd5 Be6 7. Qb5+ c6 8. Qd3 Bb4 9. Nf3 Nf6 10. e4 O-O 11. Be2 Nfd7 12. O-O f5 13. exf5 Bf7 14. Ng5 Nb6 15. Nxf7 Rxf7 16. Bg4 Na6 17. Bf4 c5 18. dxc5 Nxc5 19. Qg3 Bxc3 20. Qxc3 Nd5 21. Qc4 Nxf4 22. Qxf4 Nd3 23. Qd2 Qc4 24. Be2 Rd8 25. Rac1 Qd4 26. Rc3 Nf4 27. Qc2 Qd2 28. Qxd2 Rxd2 29. Rc8+ Rf8 30. Bc4+ Nd5 31. Rc5 Rd8 32. Rxd5 R8xd5 33. g4 Kf8 34. Bxd5 Rxd5 35. Rc1 Rd7 36. Kg2 Ke8 37. Rc2 Kf7 38. Kg3 Kf6 39. Re2 Rd6 40. Re6+ Rxe6 41. fxe6 Kxe6 42. Kf4 Kf6 43. h4 g6 44. Ke4 Ke6 45. f4 h6 46. f5+ Kf6 47. fxg6 Kxg6 48. Ke5 b6 49. a4 a6 50. b4 Kf7 51. Kf5 a5 52. b5 Kg7 53. g5 hxg5 54. hxg5 Kf7 55. g6+ Kg7 56. Ke6 Kxg6 57. Kd6 Kf6 58. Kc6 Ke5 59. Kxb6 Kd6 60. Kxa5 Kc7 61. b6+ Kb7 62. Kb5 Kb8 63. Kc6 1-0

[Event "CZE-ch U14 2020"]
[Site "Kouty nad Desnou"]
[Date "2020.03.11"]
[Round "6.10"]
[White "Mohapl, Tomas"]
[Black "Richter, Rudolf"]
[Result "1/2-1/2"]
[ECO "B01"]
[WhiteElo "1654"]
[BlackElo "1555"]
[Annotator "NA"]
[PlyCount "76"]
[EventDate "2020.03.07"]
[EventCountry "CZE"]
[SourceTitle "playchess.com"]
[Source "ChessBase"]
[SourceQuality "1"]
[TimeControl "5400+30"]

1. e4 d5 2. exd5 Qxd5 3. Nc3 Qd6 4. Bc4 Nf6 5. d3 c6 6. Be3 Bg4 7. Nge2 e6 8. O-O Qc7 9. h3 Bf5 10. Bf4 Bd6 11. Bxd6 Qxd6 12. Ng3 Bg6 13. Re1 Nbd7 14. Nge4 Nxe4 15. Nxe4 Bxe4 16. Rxe4 Nf6 17. Re2 O-O 18. Rd2 Rad8 19. Qe2 Nd5 20. Rad1 b5 21. Bxd5 exd5 22. Re1 Qd7 23. Qf3 Rfe8 24. Rde2 Rxe2 25. Qxe2 Kf8 26. d4 Re8 27. Qxe8+ Qxe8 28. Rxe8+ Kxe8 29. b4 a6 30. Kh2 Ke7 31. Kg3 f6 32. Kf4 Ke6 33. h4 g6 34. g4 Kd6 35. Kg3 Ke6 36. f4 Kd6 37. h5 Ke7 38. f5 g5 1/2-1/2

[Event "CZE-ch U14 2020"]
[Site "Kouty nad Desnou"]
[Date "2020.03.11"]
[Round "6.11"]
[White "Licka, Denis"]
[Black "Stocek, Martin"]
[Result "0-1"]
[ECO "B18"]
[WhiteElo "1594"]
[BlackElo "1772"]
[Annotator "NA RC"]
[PlyCount "88"]
[EventDate "2020.03.07"]
[EventCountry "CZE"]
[SourceTitle "playchess.com"]
[Source "ChessBase"]
[SourceQuality "1"]
[TimeControl "5400+30"]

1. e4 c6 2. d4 d5 3. Nd2 dxe4 4. Nxe4 Bf5 5. Ng3 Bg6 6. h4 h6 7. f4 e6 8. h5 Bh7 9. Bd3 Qxd4 10. Nf3 Bb4+ 11. Ke2 Bxd3+ 12. Qxd3 Qxd3+ 13. Kxd3 Nd7 14. f5 e5 15. Ne4 f6 16. c3 Nc5+ 17. Nxc5 Bxc5 18. Be3 O-O-O+ 19. Ke2 Bxe3 20. Kxe3 Ne7 21. g4 Nd5+ 22. Kf2 Rd7 23. Rad1 Rhd8 24. Rd3 Nf4 25. Rxd7 Rxd7 26. Ke3 Kc7 27. Rh2 Rd3+ 28. Ke4 Rd1 29. Rd2 Rf1 30. Ke3 Nh3 31. Rg2 Ng5 32. Nxg5 hxg5 33. Kd3 Rd1+ 34. Ke3 a5 35. b3 b5 36. Ke2 Rd7 37. Rg3 Kb6 38. Rd3 Rxd3 39. Kxd3 Kc5 40. a3 Kd5 41. a4 bxa4 42. bxa4 Kc5 43. Kd2 Kc4 44. Kc2 c5 0-1

[Event "CZE-ch U14 2020"]
[Site "Kouty nad Desnou"]
[Date "2020.03.11"]
[Round "6.12"]
[White "Mrazek, Roman"]
[Black "Kanak, Matyas"]
[Result "1-0"]
[ECO "A45"]
[WhiteElo "1839"]
[BlackElo "1499"]
[Annotator "NA RC"]
[PlyCount "45"]
[EventDate "2020.03.07"]
[EventCountry "CZE"]
[SourceTitle "playchess.com"]
[Source "ChessBase"]
[SourceQuality "1"]
[TimeControl "5400+30"]

1. d4 Nf6 2. Bf4 e6 3. e3 b6 4. Nd2 Bb7 5. Ngf3 c5 6. Nc4 {[%emt 0:01:33] [#]} d6 $146 {[%emt 0:02:19] A47: 1 d4 Nf6 2 Nf3 b6: Torre, London and Colle Systems.} (6... Nc6 $11) ({Predecessor:} 6... d5 7. Nce5 Bd6 8. Bb5+ Ke7 9. Ng5 Rf8 10. O-O a6 11. Be2 h6 12. Ngf3 Nc6 13. dxc5 bxc5 14. c4 Nxe5 15. Bxe5 Bxe5 16. Nxe5 {½-½ (57) Nguyen,N (2630)-Socko,B (2593) Riadh 2017}) 7. dxc5 dxc5 $2 (7... e5 $14) 8. Qxd8+ Kxd8 9. Nce5 Ke7 10. Ng5 h6 (10... Nbd7 $142) 11. Ngxf7 Rg8 12. Rd1 g5 13. Bg3 Bg7 14. Nd6 Bd5 (14... Be4 $142 15. h4 Bxc2) 15. Ng6+ Kd7 16. c4 Nh5 (16... Bc6 $142 17. Be2 Kd8 18. Nb5+ Nbd7 19. Bc7+ Kc8 20. Ne7+ {[%mdl 64] Double Attack} Kb7) 17. cxd5 Nxg3 18. dxe6+ Kxe6 19. Bc4+ Kf6 20. hxg3 Rd8 21. Ne4+ {[%emt 0:00:37] Discovered Attack} Kxg6 22. Rxd8 Bxb2 23. Bd5 $18 (23. Rd6+ $142 Kg7 24. Rhxh6 Kf8 25. Rd8+ Kg7 26. Rhd6 Nc6 27. Rxa8 Ne7 28. Rxa7) 1-0

[Event "CZE-ch U14 2020"]
[Site "Kouty nad Desnou"]
[Date "2020.03.12"]
[Round "7.7"]
[White "Werner, Hong Quan Dan"]
[Black "Prochazka, Vojtech"]
[Result "0-1"]
[ECO "B98"]
[WhiteElo "1801"]
[BlackElo "1763"]
[Annotator "NA"]
[PlyCount "56"]
[EventDate "2020.03.07"]
[EventCountry "CZE"]
[SourceTitle "playchess.com"]
[Source "ChessBase"]
[SourceQuality "1"]
[TimeControl "5400+30"]

1. e4 c5 2. Nf3 d6 3. d4 cxd4 4. Nxd4 Nf6 5. Nc3 a6 6. Bg5 e6 7. f4 Be7 8. Qf3 Qc7 9. g4 Nbd7 10. O-O-O b5 11. Bxf6 Nxf6 12. g5 Nd7 13. f5 O-O {[%emt 0:02:34] 13...Nc5 is not played anymore. B99: Sicilian Najdorf: 6 Bg5 e6 7 f4 Be7 8 Qf3 Qc7 9 0-0-0 Nbd7.} 14. Qh5 ({Much weaker is} 14. f6 gxf6 15. gxf6 Nxf6 $17) (14. fxe6 $11 fxe6 15. Nxe6 Rxf3 16. Nxc7) 14... b4 $1 15. Nce2 e5 16. f6 {[%emt 0:02:00] [#]} Bxf6 $146 ({Predecessor:} 16... exd4 17. fxe7 Re8 18. Nf4 Ne5 19. Nd5 Qc5 20. Rg1 Kh8 21. Kb1 Be6 22. Rg3 a5 {½-½ (46) Maikov,E-Roth Jr,P (1786) ICCF email 2017}) 17. Nf5 {[%emt 0:08:54] [#]} Bd8 $1 ({Worse is} 17... g6 18. Qh6 $16) 18. Rd3 {[%emt 0:00:56] [#]} Re8 $1 19. Nxd6 {[%emt 0:01:05] [#]} ({Don't blunder} 19. Rxd6 $2 Nc5 $19) 19... Nc5 ({Black should play} 19... Rf8 $1 $19 20. Nf5 Qb6) 20. Rf3 $2 (20. Nxe8 $17 Nxd3+ 21. Kb1) 20... Rf8 21. Nxc8 (21. Nxf7 $142 Rxf7 22. Rxf7 Qxf7 23. Qxf7+ Kxf7 24. h4) 21... Rxc8 22. c3 Nxe4 23. Rg1 Qd6 24. Bh3 Qd2+ 25. Kb1 Qxe2 26. Bf5 {[%emt 0:03:53] [#]} g6 $19 {[%emt 0:00:49] Double Attack} 27. Qh6 Nd2+ 28. Kc1 Nxf3 0-1